 Dungeon Crawl Stone Soup version 0.16-a0-3458-g6d2551d (webtiles) character file.

413 NewYearsCrawler the Chopper (level 7, -1/52 HPs)
             Began as a Formicid Fighter on Jan 2, 2015.
             Slain by a gnoll
             ... wielding a +2 flail of protection
              (12 damage)
             ... on level 3 of the Dungeon.
             The game lasted 00:03:41 (2780 turns).

NewYearsCrawler the Chopper (Formicid Fighter)      Turns: 2780, Time: 00:03:41

Health: -1/52      AC:  8    Str: 23    XL:     7   Next: 14%
Magic:  9/9        EV:  8    Int:  7    God:
Gold:   209        SH:  9    Dex: 10    Spells: 0 memorised, 6 levels left

rFire  . . .     SeeInvis +     a - +0 war axe
rCold  . . .     Clarity  .     b - +0 scale mail
rNeg   . . .     SustAb   .     c - +0 shield
rPois  .         Gourm    .     (helmet unavailable)
rElec  .         Spirit   .     f - +0 cloak (curse)
rCorr  .         Warding  .     (no gloves)
rMut   .         Stasis   +     (no boots)
MR     .....                    (no amulet)
Stlth  ..........               (no ring)
                                (no ring)

@: not resistant to hostile enchantments, extremely unstealthy
A: permanent stasis, dig shafts and tunnels, four strong arms, antennae 3
a: Dig, Shaft Self


You were on level 3 of the Dungeon.
You were not hungry.

You visited 1 branch of the dungeon, and saw 3 of its levels.

You collected 209 gold pieces.

Inventory:

Hand weapons
 a - a +0 war axe (weapon)
Missiles
 t - 2 tomahawks (quivered)
Armour
 b - a +0 scale mail (worn)
 c - a +0 shield (worn)
 f - a cursed +0 cloak (worn)
Magical devices
 e - a wand of digging (11)
Scrolls
 h - 2 scrolls of remove curse {unknown}
 i - a scroll of fear {unknown}
 j - 2 scrolls of blinking {unknown}
 l - 3 scrolls of identify {unknown}
 m - 2 scrolls of random uselessness {unknown}
 n - a scroll of noise {unknown}
 o - 2 scrolls of magic mapping {unknown}
 v - a scroll of amnesia {unknown}
Potions
 k - a potion of restore abilities
 p - a potion of brilliance {unknown}
 r - a potion of degeneration {unknown}
 u - 2 potions of resistance {unknown}
Comestibles
 d - 2 bread rations
 g - a slice of pizza
 q - 3 meat rations
 s - 2 chunks of flesh


   Skills:
 - Level 3.5 Fighting
 * Level 6.7 Axes
 - Level 3.5 Armour
 - Level 4.0 Shields


You had 6 spell levels left.
You didn't know any spells.

Dungeon Overview and Level Annotations

Branches:
Dungeon (3/15)

Altars:
Ashenzari
Ru


Innate Abilities, Weirdness & Mutations

You are under a permanent stasis effect.
You can dig through walls and to a lower floor.
Your four strong arms can wield two-handed weapons with a shield.
You have a pair of large antennae on your head (SInv).


Message History

You hit the gnoll but do no damage.
The gnoll is almost dead.
You slash the gnoll!
You kill the gnoll!
The gnoll hits you with a flail of protection.
* * * LOW HITPOINT WARNING * * *
Unknown command.
You are too injured to fight recklessly!
Unknown command.
You are too injured to fight recklessly!
You are too injured to fight recklessly!
Unknown command.
Unknown command.
You are too injured to fight recklessly!
You are too injured to fight recklessly!
Unknown command.
The gnoll hits you with a flail.
* * * LOW HITPOINT WARNING * * *
The gnoll hits you with a flail of protection!
You die...

###)#....'†)....#....
#.)....#.##.###....
###))..#.#....#....
#.##''#########....
#..........)).#....
#.........#8..'....
#.##''##..#8..'....
###..).#......#8..8
#)@g...############
#g#....'...).......
...#################
#... { { #### ≈≈ ≈≈≈
...


You could see 2 gnolls.

Vanquished Creatures
  The ghost of NewYearsCrawler the Shield-Bearer, an average FoFi (D:3)
  2 gnoll shamans (D:3)
  Robin (D:3)
  An adder (D:3)
  12 gnolls (D:3)
  4 worms
  4 giant geckos
  2 orcs (D:3)
  3 ball pythons
  5 bats
  A giant cockroach (D:1)
  14 goblins
  5 hobgoblins
  8 jackals (D:3)
  2 quokkas (D:3)
  A giant newt (D:3)
  3 kobolds
  5 rats
  3 toadstools (D:1)
77 creatures vanquished.

Vanquished Creatures (others)
  A toadstool (D:1)
1 creature vanquished.

Grand Total: 78 creatures vanquished

Notes
Turn   | Place    | Note
--------------------------------------------------------------
     0 | D:1      | NewYearsCrawler, the Formicid Fighter, began the quest for the Orb.
     0 | D:1      | Reached XP level 1. HP: 18/18 MP: 1/1
   227 | D:1      | Reached XP level 2. HP: 21/24 MP: 3/3
   456 | D:1      | Reached skill level 4 in Shields
   845 | D:2      | Reached XP level 3. HP: 29/29 MP: 4/4
   957 | D:2      | Found a sacrificial altar of Ru.
  1560 | D:2      | Reached XP level 4. HP: 35/35 MP: 5/5
  1599 | D:3      | Noticed NewYearsCrawler's ghost (average FoFi)
  1619 | D:3      | Killed NewYearsCrawler's ghost
  1619 | D:3      | Reached skill level 5 in Axes
  1619 | D:3      | Reached XP level 5. HP: 12/41 MP: 7/7
  1847 | D:3      | Noticed Robin
  1847 | D:3      | Reached XP level 6. HP: 45/47 MP: 8/8
  1855 | D:3      | Killed Robin
  2094 | D:3      | Found a shattered altar of Ashenzari.
  2258 | D:3      | Reached skill level 6 in Axes
  2655 | D:3      | Reached XP level 7. HP: 43/52 MP: 9/9
  2780 | D:3      | Slain by a gnoll

Action                   |  1- 3 |  4- 6 |  7- 9 || total
-------------------------+-------+-------+-------++-------
Melee: War axe           |    90 |   122 |    28 ||   240
  Use: Potion            |     1 |     2 |       ||     3
  Eat: Chunk             |     1 |     4 |     1 ||     6
